 Dungeon Crawl Stone Soup version 0.22-a0-359-g5e80d7e (console) character file.

363 regis the Firebug (level 6, -2/42 HPs)
             Began as a Demonspawn Fire Elementalist on Apr 18, 2018.
             Killed from afar by Blork the orc (10 damage)
             ... with a puff of flame
             ... on level 4 of the Dungeon on Apr 19, 2018.
             The game lasted 00:15:19 (4169 turns).

regis the Firebug (Demonspawn Fire Elementalist)    Turns: 4169, Time: 00:15:20

Health: -2/42      AC:  5    Str:  8    XL:     6   Next: 39%
Magic:  0/9        EV: 11    Int: 19    God:
Gold:   108        SH:  3    Dex: 13    Spells: 5/9 levels left

rFire    . . .     SeeInvis .   t - +1 hand crossbow (freeze)
rCold    . . .     Gourm    .   c - +0 buckler
rNeg     + . .     Faith    .   a - +0 robe
rPois    .         Spirit   +   h - +0 helmet
rElec    .         Reflect  .   (no cloak)
rCorr    .         Harm     .   (no gloves)
MR       .....                  (no boots)
Stlth    ++........             (no amulet)
HPRegen  0.14/turn              e - ring of positive energy
MPRegen  0.11/turn              m - ring of wizardry

@: no status effects
A: talons 1, iridescent scales 1, magic shield
a: no special abilities


You were on level 4 of the Dungeon.
You were not hungry.

You visited 1 branch of the dungeon, and saw 4 of its levels.

You collected 108 gold pieces.

Inventory:

Hand Weapons
 f - a +1 hand axe of chopping
 q - a +1 blowgun
 t - a +1 hand crossbow of freezing (weapon)
Missiles
 j - 17 poisoned needles
 n - 4 curare-tipped needles
 u - a bolt (quivered)
Armour
 a - a +0 robe (worn)
 c - a +0 buckler (worn)
 d - a +0 leather armour
 h - a +0 helmet (worn)
 o - a +4 scale mail
Jewellery
 e - a ring of positive energy (left hand)
 m - a ring of wizardry (right hand)
Scrolls
 b - a scroll of fog
 g - 5 scrolls of identify
 i - a scroll of remove curse
Potions
 k - 4 potions of flight {unknown}
 p - a potion of lignification {unknown}
 r - a potion of agility {unknown}
 s - a potion of curing
Comestibles
 l - 2 rations
 v - 3 chunks of flesh


   Skills:
 - Level 0.4 Fighting
 - Level 1.2 Axes
 - Level 1.7 Dodging
 - Level 1.7 Stealth
 - Level 0.2 Unarmed Combat
 - Level 2.0 Spellcasting
 + Level 3.9 Conjurations
 - Level 5.2 Fire Magic


You had 5 spell levels left.
You knew the following spells:

 Your Spells              Type           Power        Failure   Level  Hunger
a - Flame Tongue          Conj/Fire      ###..        1%          1    #......
b - Conjure Flame         Conj/Fire      ###.....     5%          3    ###....


Dungeon Overview and Level Annotations

Branches:
Dungeon (4/15)
 Temple: D:4-7

Altars:
Dithmenos
Kikubaaqudgha
Trog

Shops:
D:4 }

Annotations:
D:3 Terence
D:4 Blork the orc


Innate Abilities, Weirdness & Mutations

You have sharp toenails.
You are partially covered in iridescent scales. (AC +2)
When hurt, damage is shared between your health and your magic reserves.


Message History

Confirm with . or Enter, or press ? or * to list all spells.
Aiming: Flame Tongue (safe; 1% risk of failure)
Press: ? - help, Shift-Dir - straight line, f/p - Blork the orc
Aim: Blork the orc, wielding a war axe and wearing an embroidered robe (heavily wounded, fast)
The flame tongue hits Blork the orc.
Blork the orc is severely wounded.
Blork the orc casts a spell at you. The puff of flame hits you!
* * * LOW HITPOINT WARNING * * *
Unknown command.
Casting: Flame Tongue (safe; 1% risk of failure)
Confirm with . or Enter, or press ? or * to list all spells.
Aiming: Flame Tongue (safe; 1% risk of failure)
Press: ? - help, Shift-Dir - straight line, f/p - Blork the orc
Aim: Blork the orc, wielding a war axe and wearing an embroidered robe (severely wounded, fast)
The flame tongue hits Blork the orc.
Blork the orc is severely wounded.
Blork the orc points at you and mumbles some strange words.
The puff of flame hits you!
You die...

.#### ....# #...(.((...$
#...#####.........(.
+.............(.>(..
####.....#.#.......(...
#.......)+.+...o.......
##........#.#...........
......#####.#...........
.##.........#...@..$.(..
.##.........#...........
.##.........##.##########
.##.........##.#........#
...............#........#
............####........#
........................#
............####........#
##### ..#.........#
#........#####....


You could see Blork the orc.

Vanquished Creatures
  An ogre (D:4)
  A hound (D:4)
  A centaur skeleton (D:4)
  Natasha (thrice) (D:3)
  A worker ant (D:4)
  5 adders
  2 worms
  A dart slug (D:2)
  A leopard gecko (D:4)
  6 orcs
  2 giant cockroaches (D:3)
  5 goblins
  3 hobgoblins
  11 jackals
  4 kobolds
  3 quokkas
  7 bats
  4 frilled lizards
  7 rats
68 creatures vanquished.

Notes
Turn   | Place    | Note
-------+----------+-------------------------------------------
     0 | D:1      | regis the Demonspawn Fire Elementalist began the quest for the Orb.
     0 | D:1      | Reached XP level 1. HP: 13/13 MP: 3/3
   280 | D:2      | Gained mutation: You have sharp toenails. [demonic ancestry]
   280 | D:2      | Reached XP level 2. HP: 19/19 MP: 1/5
   431 | D:2      | Found an ancient bone altar of Kikubaaqudgha.
   445 | D:2      | Reached skill level 1 in Axes
   552 | D:2      | Gained mutation: You are partially covered in iridescent scales. (AC +2) [demonic ancestry]
   552 | D:2      | Reached XP level 3. HP: 11/25 MP: 0/6
   801 | D:2      | Reached skill level 3 in Fire Magic
   807 | D:2      | Found a bloodstained altar of Trog.
  1317 | D:3      | Noticed Terence
  1996 | D:3      | Reached XP level 4. HP: 31/31 MP: 1/7
  2118 | D:3      | Learned a level 3 spell: Conjure Flame
  2514 | D:3      | Noticed Natasha
  2522 | D:3      | Killed Natasha
  2522 | D:3      | Reached skill level 4 in Fire Magic
  3106 | D:3      | Noticed Natasha
  3117 | D:3      | Killed Natasha
  3117 | D:3      | Reached XP level 5. HP: 21/36 MP: 0/8
  3294 | D:3      | Noticed Natasha
  3299 | D:3      | Killed Natasha
  3423 | D:4      | Found Visah's Gadget Shop.
  3452 | D:4      | Reached skill level 5 in Fire Magic
  3572 | D:4      | Found a shadowy altar of Dithmenos.
  3585 | D:4      | Noticed an ogre
  3592 | D:4      | Killed an ogre
  3592 | D:4      | Gained mutation: When hurt, damage is shared between your health and your magic reserves. [demonic ancestry]
  3592 | D:4      | Reached XP level 6. HP: 42/42 MP: 4/9
  4161 | D:4      | Noticed Blork the orc
  4169 | D:4      | Killed from afar by Blork the orc

Vault maps used:
D:1:      dpeg_arrival_long_road
D:2:      lemuel_coloured_pillars_altar, kiku_gazebo_garden_becter
D:3:      first_ration, grunt_ministairs_1, kennysheep_crisscross,
          serial_park_tiny_2, minivault_14, uniq_natasha, uniq_terence
D:4:      serial_shops, nicolae_shop_waterfront,
          nicolae_dithmenos_shadow_blocks, uniq_blork_the_orc

Skill      XL: |  1  2  3  4  5 |
---------------+----------------+-----
Axes           | 1 |  1.2
Conjurations   | 2 3 |  3.9
Fire Magic     | 3 4 5 |  5.2
Fighting       | |  0.4
Dodging        | |  1.7
Stealth        | |  1.7
Unarmed Combat | |  0.2
Spellcasting   | |  2.0

Action                   |  1- 3 |  4- 6 || total
-------------------------+-------+-------++-------
Melee: Hand axe          |    29 |    41 ||    70
       Unarmed           |     8 |       ||     8
       Kick              |     5 |     6 ||    11
 Fire: Blowgun           |       |    15 ||    15
       Hand crossbow     |       |    16 ||    16
Throw: Tomahawk          |       |     3 ||     3
 Cast: Flame Tongue      |    71 |    61 ||   132
       Conjure Flame     |       |     1 ||     1
  Use: Scroll            |     1 |     5 ||     6
       Potion            |     1 |       ||     1
  Eat: Chunk             |     3 |     4 ||     7
       Ration            |     1 |     1 ||     2
Armor: Robe              |    29 |    28 ||    57
Dodge: Dodged            |    63 |    45 ||   108
Block: Buckler           |     1 |    16 ||    17

Table legend:
 A = Spawn XP
 B = Non-spawn XP
 C = Spawn XP percentage of total XP
 D = Spawn monster count
 E = Non-spawn monster count
 F = Spawn count percentage of total count
 G = Total turns spent on level
                    A         B        C        D         E        F      G
               +---------+---------+-------+---------+---------+-------+---------
         Total |       0 |     519 |   0.0 |       0 |      68 |   0.0 |  4169
               +---------+---------+-------+---------+---------+-------+---------
           D:1 |       0 |       8 |   0.0 |       0 |       6 |   0.0 |   106
           D:2 |       0 |      60 |   0.0 |       0 |      23 |   0.0 |  1490
           D:3 |       0 |     186 |   0.0 |       0 |      30 |   0.0 |  1808
           D:4 |       0 |     265 |   0.0 |       0 |       9 |   0.0 |   765
               +---------+---------+-------+---------+---------+-------+---------
